 Dungeon Crawl Stone Soup version 0.28.0-43-g3370ac3207 (webtiles) character file.

Game seed: 6320629163370418795

16 issech the Cudgeller (level 2, -3/29 HPs)
             Began as a Troll Monk on Mar 14, 2022.
             Succumbed to a kobold's poison
             ... on level 1 of the Dungeon.
             The game lasted 00:02:04 (456 turns).

issech the Cudgeller (Troll Monk)                    Turns: 456, Time: 00:02:05

Health: -3/29      AC:  4    Str: 18    XL:     2   Next: 41%
Magic:  1/1        EV: 10    Int:  6    God:
Gold:   8          SH:  0    Dex: 12    Spells: 1/1 levels left

rFire   . . .      SeeInvis .   a - +0 mace
rCold   . . .      Faith    .   (no shield)
rNeg    . . .      Spirit   .   b - +0 robe
rPois   .          Reflect  .   (helmet restricted)
rElec   .          Harm     .   (no cloak)
rCorr   .          Rampage  .   (gloves unavailable)
Will    .....                   (boots unavailable)
Stlth   ++........              (no amulet)
HPRegen 0.89/turn               (no ring)
MPRegen 0.07/turn               (no ring)

@: lethally poisoned (-3 -> -20)
A: large, unfitting armour, claws 3, regeneration 1, shaggy fur 1, tough skin 1
a: no special abilities


You were on level 1 of the Dungeon.
You visited 1 branch of the dungeon, and saw 1 of its levels.

You collected 8 gold pieces.

Inventory:

Hand Weapons
 a - a +0 mace (weapon)
Armour
 b - a +0 robe (worn)
Jewellery
 f - a ring of wizardry
Potions
 c - a potion of curing {unknown}
 d - a potion of might {unknown}
 e - a potion of degeneration {unknown}


   Skills:
 + Level 2.5 Fighting
 + Level 3.0 Maces & Flails
 + Level 2.7 Dodging
 + Level 1.0 Stealth


You had one spell level left.
You didn't know any spells.
Your spell library was empty.

Dungeon Overview and Level Annotations

Branches:
Dungeon (1/15)

Altars:

Shops:
D:1 *((


Innate Abilities, Weirdness & Mutations

You are too large for most types of armour.
You have claws for hands.
Your natural rate of healing is unusually fast.
You are covered in fur. (AC +1)
You have tough skin. (AC +1)


Message History

You kill the jackal!
Things that are here:
a jackal corpse; a jackal corpse
There is an entrance to Fugampac's Assorted Antiques here.
You can access your shopping list by pressing '$'.
Things that are here:
a jackal corpse; a jackal corpse
Found Quiluf's Weapon Shoppe.
There is an entrance to Quiluf's Weapon Shoppe here.
You can access your shopping list by pressing '$'.
You see here a +0 spear.
Found a stone staircase leading down.
A kobold comes into view.
It is wielding a +2 short sword of venom.
The kobold throws a stone.
The stone barely misses you.
You see here a +0 short sword.
A kobold is nearby!
The kobold throws a stone.
The stone hits you but does no damage.
The kobold throws a stone.
The stone closely misses you.
A quokka comes into view.
The kobold throws a stone.
The stone hits you. The kobold barely misses you. The quokka barely misses you.
You barely miss the quokka.
The kobold hits you with a +2 short sword of venom.
You are poisoned.
The quokka bites you. The kobold hits you but does no damage.
You are more poisoned.
You closely miss the quokka.
You feel very sick. The quokka bites you.
The kobold hits you with a +2 short sword of venom.
You are more poisoned.
The quokka bites you.
You barely miss the kobold.
You feel extremely sick. The quokka bites you.
* * * LOW HITPOINT WARNING * * *
The kobold hits you with a +2 short sword of venom.
* * * LOW HITPOINT WARNING * * *
You are more poisoned.
You die...

.. #.###.#.# #.# .
#.......##############.#
.
#####..............†...#
.. .# .
#...################ #.
.# .# #.#)# #. .# #.#
#.#.# #. .#...# #.#.#
#.#.#.###.#.#.#
...........#@## #####..#
#.....r..# .....∩.#
#...#.#K.# ...##### #.
......# .........
#.#....# .........
#.#....# ...#####. .
#....# ...# . #....#
#### #....#


You could see a quokka and a kobold.

Vanquished Creatures
  A dart slug (D:1)
  A bat (D:1)
  An endoplasm (D:1)
  A giant cockroach (D:1)
  2 hobgoblins (D:1)
  4 jackals (D:1)
  2 rats (D:1)
12 creatures vanquished.

Notes
Turn   | Place    | Note
-------+----------+-------------------------------------------
     0 | D:1      | issech the Troll Monk began the quest for the Orb.
     0 | D:1      | Reached XP level 1. HP: 22/22 MP: 0/0
    30 | D:1      | Found Umafec's Antique Weapon Boutique.
   189 | D:1      | Found Fugampac's Assorted Antiques.
   211 | D:1      | Reached XP level 2. HP: 29/29 MP: 1/1
   249 | D:1      | Reached skill level 3 in Maces & Flails
   374 | D:1      | Found Quiluf's Weapon Shoppe.
   456 | D:1      | Succumbed to a kobold's poison

Illustrated notes

Levels and vault maps discovered:
D:1:      dpeg_arrival_tiny_a, layout_basic, serial_shops, shop_fountains, shop,
          shop, nicolae_shop_waterfront, minmay_liquid_box,
          chequers_serial_rivers_room_a

Skill      XL: |  1  2 |
---------------+-------+-----
Maces & Flails | 3 |  3.0
Fighting       | |  2.5
Dodging        | |  2.7
Stealth        | |  1.0

Action                   || total
-------------------------++-------
Melee: Mace              ||    30
Armor: Robe              ||     8
Dodge: Dodged            ||    21
